 Dungeon Crawl Stone Soup version 0.27.0-1-g7a089689b8 (webtiles) character file.

Game seed: 5737818593023451265

1180 HungrySpirit the Cleaver (level 8, -5/70 HPs)
             Began as a Minotaur Gladiator on July 31, 2021.
             Was a Follower of Okawaru.
             Splashed by a jelly's acid (7 damage)
             ... on level 6 of the Dungeon.
             The game lasted 00:04:15 (4897 turns).

HungrySpirit the Cleaver (Minotaur Gladiator)       Turns: 4897, Time: 00:04:16

Health: -5/70      AC:  9    Str: 19    XL:     8   Next: 19%
Magic:  7/7        EV:  7    Int:  5    God:    Okawaru [*.....]
Gold:   178        SH:  0    Dex: 14    Spells: 7/7 levels left

rFire    . . .     SeeInvis .   a - +0 war axe
rCold    . . .     Faith    .   (no shield)
rNeg     . . .     Spirit   .   q - +0 plate armour
rPois    .         Reflect  .   c - +0 hat
rElec    .         Harm     .   (no cloak)
rCorr    .         Rampage  .   f - +0 pair of gloves
Will     .....                  (no boots)
Stlth    ..........             k - amulet of the acrobat
HPRegen  0.21/turn              i - ring of flight
MPRegen  0.10/turn              (no ring)

@: corroded, flying, slowed, very slow
A: horns 2, retaliatory headbutt
a: Renounce Religion, Heroism


You were on level 6 of the Dungeon.
You worshipped Okawaru.
Okawaru was aware of your devotion.
You visited 2 branches of the dungeon, and saw 7 of its levels.

You collected 178 gold pieces.

Inventory:

Hand Weapons
 a - a +0 war axe (weapon)
Missiles
 d - 3 throwing nets (quivered)
 p - 27 poisoned darts
Armour
 c - a +0 hat (worn)
 f - a +0 pair of gloves (worn)
 q - a +0 plate armour (worn)
Jewellery
 i - a ring of flight (left hand)
 k - an amulet of the acrobat (around neck)
 s - a ring of protection from cold
Scrolls
 b - a scroll of vulnerability {unknown}
 e - a scroll of magic mapping {unknown}
 g - 6 scrolls of identify {unknown}
 l - a scroll of enchant weapon {unknown}
 n - 2 scrolls of enchant armour {unknown}
 r - a scroll of brand weapon {unknown}
 u - a scroll of torment {unknown}
 v - a scroll of noise {unknown}
 x - a scroll of blinking {unknown}
Potions
 j - a potion of heal wounds {unknown}
 m - a potion of mutation {unknown}
 o - a potion of might {unknown}
 t - a potion of cancellation {unknown}
 w - 2 potions of berserk rage {unknown}


   Skills:
 + Level 6.1 Fighting
 * Level 8.9 Axes
 - Level 2.0 Throwing
 + Level 5.5 Armour
 - Level 4.0 Dodging


You had 7 spell levels left.
You didn't know any spells.
Your spell library contained the following spells:

 Spells                   Type           Power      Damage    Failure   Level
 Ozocubu's Armour         Ice            0%         N/A       100%        3
 Metabolic Englaciation   Hex/Ice        0%         N/A       100%        5
 Simulacrum               Ice/Necr       0%         N/A       100%        6


Dungeon Overview and Level Annotations

Branches:
Dungeon (6/15)             Temple (1/1) D:5

Altars:
Ashenzari
Cheibriados
Dithmenos
Elyvilon
Fedhas
Gozag
Hepliaklqana
Kikubaaqudgha
Makhleb
Nemelex Xobeh
Okawaru
Qazlal
Ru
Sif Muna
Trog
Uskayaw
Vehumet
Wu Jian
Xom
Yredelemnul
Zin
The Shining One

Annotations:
D:2 1 runed translucent door, Crazy Yiuf
D:4 3 runed translucent doors, PaladinM's ghost, amateur DgWr


Innate Abilities, Weirdness & Mutations

You have a pair of horns on your head.
You reflexively headbutt those who attack you in melee.


Message History

The kobold brigand completely misses you.
The jelly misses you. You furiously retaliate!
You headbutt the jelly. The jelly misses you. The jelly misses you.
You furiously retaliate!
You headbutt the jelly.
An orc comes into view. It is wielding a +0 dagger.
The orc shouts!
Unknown command.
The kobold brigand misses you. The kobold misses you.
The kobold brigand throws a curare-tipped dart.
The curare-tipped dart hits you.
You are lethally poisoned!
You have difficulty breathing.
* * * LOW HITPOINT WARNING * * *
You feel as though you will be slow longer.
The kobold throws a stone.
The stone misses you.
You feel better. The kobold brigand barely misses you. You furiously retaliate!
You headbutt the kobold brigand, but do no damage.
The kobold brigand throws a curare-tipped dart.
The curare-tipped dart misses you.
Unknown command.
The kobold brigand throws a curare-tipped dart.
The curare-tipped dart closely misses you.
The kobold throws a stone.
The stone hits you but does no damage.
The kobold brigand hits you with a +0 whip.
* * * LOW HITPOINT WARNING * * *
The kobold misses you. You furiously retaliate!
You headbutt the kobold. The kobold brigand misses you.
The jelly closely misses you.
You closely miss the kobold brigand. You headbutt the kobold brigand.
The kobold brigand is severely wounded.
You hit the jelly but do no damage.
Your hands burn!
* * * LOW HITPOINT WARNING * * *
You slash the kobold!
You kill the kobold!
Okawaru accepts your kill. The kobold brigand barely misses you.
You furiously retaliate!
You headbutt the kobold brigand. The jelly hits you but does no damage.
The kobold brigand closely misses you. The jelly hits you.
* * * LOW HITPOINT WARNING * * *
The acid corrodes you!
You are splashed with acid!
You die...

#....# #.....)[.....##
....#.....###..>..)........
#...#.(...........)....##.. #
#...#.. #..............# . #
#..... ##.....!.......##.#
###....####..#....<.........#
........##..##..#...........#
).......#....#..#J...........
....)).........K@o.##.###....
.....)..........###...# #..
................# ##..# #
.................. .....#
#...#####.#.........#......
##### ####......#.......#
.......##.....## ##..#..
......# ## .....#


You could see a kobold brigand, a jelly and an orc.

Vanquished Creatures
  Sigmund (D:6)
  2 necrophages
  An ogre (D:5)
  An ice beast (D:5)
  2 phantoms
  A water moccasin skeleton (D:4)
  2 centaur zombies
  A hound (D:5)
  2 centaur skeletons
  A jelly (D:6)
  2 orc wizards (D:6)
  Jessica (D:2)
  2 iguanas (D:5)
  3 gnolls (D:5)
  3 adders
  An ufetubus (D:5)
  An adder skeleton (D:4)
  A worm (D:4)
  4 dart slugs
  9 orcs
  7 endoplasms
  A giant cockroach (D:2)
  4 goblins
  8 hobgoblins
  9 jackals
  9 kobolds
  3 quokkas
  6 ball pythons
  7 bats
  2 frilled lizards (D:1)
  4 rats
101 creatures vanquished.

Vanquished Creatures (others)
  6 fungi
  2 plants
8 creatures vanquished.

Grand Total: 109 creatures vanquished

Notes
Turn   | Place    | Note
-------+----------+-------------------------------------------
     0 | D:1      | HungrySpirit the Minotaur Gladiator began the quest for the
                  | Orb.
     0 | D:1      | Reached XP level 1. HP: 18/18 MP: 0/0
   133 | D:1      | Reached XP level 2. HP: 21/25 MP: 1/1
   138 | D:1      | Reached skill level 4 in Axes
   468 | D:1      | Reached skill level 1 in Armour
   686 | D:1      | Reached XP level 3. HP: 30/30 MP: 2/2
  1461 | D:2      | Noticed Jessica
  1465 | D:2      | Killed Jessica
  1798 | D:2      | Found a runed translucent door.
  1799 | D:2      | Noticed Crazy Yiuf
  1859 | D:3      | Reached XP level 4. HP: 38/38 MP: 3/3
  2237 | D:4      | Noticed a necrophage
  2565 | D:4      | Reached skill level 5 in Axes
  2565 | D:4      | Reached XP level 5. HP: 45/45 MP: 4/4
  2607 | D:4      | Noticed a phantom
  2619 | D:4      | Killed a phantom
  2771 | D:4      | Reached skill level 6 in Axes
  2806 | D:4      | Found a broken altar of Ashenzari.
  2880 | D:4      | Found a runed translucent gate.
  2881 | D:4      | Found a runed translucent gate.
  2882 | D:4      | Found a runed translucent gate.
  2884 | D:4      | Noticed PaladinM's ghost (amateur DgWr)
  2933 | D:4      | Reached XP level 6. HP: 52/52 MP: 5/5
  3272 | D:5      | Entered Level 5 of the Dungeon
  3514 | D:5      | Reached skill level 7 in Axes
  3514 | D:5      | Reached XP level 7. HP: 52/60 MP: 6/6
  3555 | D:5      | Found a staircase to the Ecumenical Temple.
  3691 | Temple   | Entered the Ecumenical Temple
  3884 | Temple   | Became a worshipper of Warmaster Okawaru
  3935 | D:5      | Reached skill level 5 in Fighting
  4650 | D:6      | Noticed Sigmund
  4657 | D:6      | Killed Sigmund
  4658 | D:6      | Reached skill level 8 in Axes
  4658 | D:6      | Reached skill level 5 in Armour
  4777 | D:6      | Reached * piety under Okawaru
  4778 | D:6      | Reached XP level 8. HP: 65/70 MP: 7/7
  4897 | D:6      | HP: 3/70 [acid (3)]
  4897 | D:6      | Splashed by a jelly's acid

Illustrated notes

Levels and vault maps discovered:
D:1:      ncdulo_smallfort, layout_loops_ring, st_stairs_3,
          minmay_misc_feat_pillars, minmay_misc_feat_roman,
          minmay_shallow_snake_nest
D:2:      layout_basic, chequers_serial_rivers_room_b, uniq_jessica,
          uniq_crazy_yiuf_cottage
D:3:      layout_rooms, serial_bayou_pond_c
D:4:      layout_basic, nicolae_overflow_hidden_temple,
          gammafunk_ghost_nasty_kobolds
D:5:      layout_basic, minmay_temple_entry_sparse_star, minivault_19
D:6:      layout_cave_pools, uniq_sigmund
Temple:   minmay_crystal_snake_temple

Skill      XL: |  1  2  3  4  5  6  7  8 |
---------------+-------------------------+-----
Axes           | 4 5 6 7 8 |  8.9
Armour         | 1 2 3 4 5 |  5.5
Fighting       | 3 4 5 6 |  6.1
Dodging        | 4 |  4.0
Throwing       | |  2.0

Action                   |  1- 3 |  4- 6 |  7- 9 || total
-------------------------+-------+-------+-------++-------
Melee: War axe           |    78 |    94 |    75 ||   247
       Headbutt          |    16 |    22 |    20 ||    58
  Use: Potion            |       |       |     4 ||     4
 Stab: Sleeping          |       |     1 |       ||     1
Armor: Leather armour    |    16 |    21 |       ||    37
       Plate armour      |       |    21 |    44 ||    65
Dodge: Dodged            |    43 |    76 |    52 ||   171
